 Dungeon Crawl Stone Soup version 0.21.1-1-g345015f (webtiles) character file.

84 Greyaxe the Shield-Bearer (level 4, -2/44 HPs)
             Began as a Troll Fighter on July 20, 2018.
             Was an Initiate of Yredelemnul.
             Slain by a gnoll
             ... wielding a +0 halberd
              (11 damage)
             ... on level 3 of the Dungeon.
             The game lasted 00:06:10 (1237 turns).

Greyaxe the Shield-Bearer (Troll Fighter)           Turns: 1237, Time: 00:06:13

Health: -2/44      AC:  5    Str: 23 (24) XL:     4   Next: 24%
Magic:  3/3        EV:  8    Int:  5      God:    Yredelemnul [......]
Gold:   128        SH:  8    Dex:  7 (9)  Spells: 3/3 levels left

rFire    . . .     SeeInvis .   a - +0 long sword
rCold    . . .     Gourm    +   c - +0 shield
rNeg     . . .     Faith    .   b - +0 robe
rPois    .         Spirit   .   (helmet restricted)
rElec    .         Reflect  .   (no cloak)
rCorr    .         Harm     .   (gloves unavailable)
MR       .....                  (boots unavailable)
Stlth    +.........             (no amulet)
HPRegen  0.54/turn              (no ring)
MPRegen  0.08/turn              (no ring)

@: starving
A: large, unfitting armour, claws 3, horns 1, blink, deterioration 1, fast
metabolism 3, gourmand, sense surroundings 1, regeneration 1, shaggy fur 1,
tough skin 2
a: Blink, Renounce Religion


You were on level 3 of the Dungeon.
You worshipped Yredelemnul.
Yredelemnul was noncommittal.
You were starving.

You visited 1 branch of the dungeon, and saw 3 of its levels.

You collected 128 gold pieces.

Inventory:

Hand Weapons
 a - a +0 long sword (weapon)
Armour
 b - a +0 robe (worn)
 c - a +0 shield (worn)
 f - a +0 ring mail
Scrolls
 h - 3 scrolls of identify {unknown}
Potions
 d - a potion of might
 e - 2 potions of haste
 g - a potion of brilliance


   Skills:
 + Level 2.8 Fighting
 + Level 2.3 Long Blades
 + Level 3.0 Dodging
 + Level 3.0 Shields


You had 3 spell levels left.
You didn't know any spells.

Dungeon Overview and Level Annotations

Branches:
Dungeon (3/15)

Altars:
Fedhas
Yredelemnul


Innate Abilities, Weirdness & Mutations

You are too large for most types of armour.
You have claws for hands.
Your metabolism is lightning-fast.
You like to eat raw meat.
Your natural rate of healing is unusually fast.
You are covered in fur. (AC +1)
You have very tough skin. (AC +2)
You have a pair of small horns on your head.
You can translocate small distances at will.
Your body sometimes deteriorates upon taking damage.
You passively map a small area around you.


Message History

You headbutt the gnoll, but do no damage.
The gnoll hits you from afar with a halberd!
Your body deteriorates!
You feel clumsy. You block the gnoll's attack.
You closely miss the gnoll.
The gnoll hits you from afar with a halberd.
The gnoll barely misses you.
You hit the gnoll.
The gnoll is moderately wounded.
You block the gnoll's attack. The gnoll hits you with a flail.
You closely miss the gnoll. Your headbutt misses the gnoll.
The gnoll is moderately wounded.
The gnoll closely misses you. You block the gnoll's attack.
You hit the gnoll. You headbutt the gnoll.
The gnoll is severely wounded.
You block the gnoll's attack. The gnoll hits you with a flail!
* * * LOW HITPOINT WARNING * * *
The gnoll hits you from afar with a halberd!
You die...
Your body rises from the dead as a mindless zombie.

...(......# #.#
##.######.# #.# #.# .# *
#.# * #.# . , #.# #.# *
* #.# #.# *, #.# #.# ,
#.# #.# ######.#### ,,
##.## #.# #..@ggg....,
....# ##.###.###g.....
##..#####...##(##*,###.#
#?.....((.(.(...# , ***
#<.....##...##..#
#...#...##.###?†##.####
......#....##.(.%......
#####...#####...#..####
* *#...# #......# *


You could see 4 gnolls.

Vanquished Creatures
  5 adders
  An ooze (D:1)
  2 worms (D:2)
  A dart slug (D:1)
  A leopard gecko (D:2)
  A giant cockroach (D:2)
  4 goblins
  6 kobolds
  4 bats
  4 frilled lizards
  2 rats
  A spectral orc (D:3)
32 creatures vanquished.

Notes
Turn   | Place    | Note
-------+----------+-------------------------------------------
     0 | D:1      | Greyaxe the Troll Fighter began the quest for the Orb.
     0 | D:1      | Reached XP level 1. HP: 22/22 MP: 0/0
   158 | D:1      | Reached XP level 2. HP: 28/29 MP: 1/1
   213 | D:1      | Gained mutation: You have a pair of small horns on your head. [potion of mutation]
   213 | D:1      | Gained mutation: You passively map a small area around you. [potion of mutation]
   213 | D:1      | Gained mutation: Your body sometimes deteriorates upon taking damage. [potion of mutation]
   213 | D:1      | Gained mutation: You can translocate small distances at will. [potion of mutation]
   452 | D:2      | Found a blossoming altar of Fedhas.
   462 | D:2      | Reached XP level 3. HP: 30/36 MP: 2/2
   888 | D:2      | Reached XP level 4. HP: 44/44 MP: 3/3
  1052 | D:3      | Found a basalt altar of Yredelemnul.
  1061 | D:3      | Became a worshipper of Yredelemnul the Dark
  1237 | D:3      | Slain by a gnoll

Skill      XL: |  1  2  3 |
---------------+----------+-----
Long Blades    | 2 |  2.3
Shields        | 3 |  3.0
Dodging        | 3 |  3.0
Fighting       | |  2.8

Action                   |  1- 3 |  4- 6 || total
-------------------------+-------+-------++-------
Melee: Long sword        |    94 |    24 ||   118
       Headbutt          |     8 |     4 ||    12
 Abil: Blink             |       |     1 ||     1
  Use: Potion            |     7 |       ||     7
       Scroll            |     1 |       ||     1
  Eat: Ration            |     2 |       ||     2
Armor: Robe              |    46 |    13 ||    59
Dodge: Dodged            |    38 |    10 ||    48
Block: Shield            |    76 |    16 ||    92
       Rpst.: Long sword |    11 |     1 ||    12
